AoeStats
← Carloscba6669

Arena

510387073Analyzed
1v1 RM · 2d ago on Sep 30, 2026· 14m 44s· 2 players
Game mode
Random Map
Map size
Tiny (2 player)
Population
200
Speed
Normal
Resources
Standard
Victory
Conquest
Starting age
Dark Age
Ending age
Imperial Age
RankedLock teamsTeams togetherTeam positionsShared explorationLock speedFull tech treeHidden civsTurbo modeCheats
Victory
Defeat
🇪🇸 Britons · Spain
781
+18
🇺🇸 Vikings · United States
814
-18
Carloscba6669
2:04 Loom
2:13 Loom
10:14 Feudal Age
14:37 Castle Age
tester
13:47 Feudal Age
12:03 Loom
14:21 Horse Collar
14:28 Double-Bit Axe
Connection lost

Rejoining the realm…

Still unreachable

The connection could not be restored.

Session expired

The server has moved on; the page needs a fresh start.